 Dungeon Crawl Stone Soup version 0.26-a0-30-g56b8cd3df0 (webtiles) character file.

Game seed: 5056504269886121119, levelgen mode: deterministic

17 Santreim the Slasher (level 2, -3/25 HPs)
             Began as a Draconian Gladiator on May 30, 2020.
             Slain by a worm (8 damage)
             ... on level 2 of the Dungeon.
             The game lasted 00:02:09 (421 turns).

Santreim the Slasher (Draconian Gladiator)           Turns: 421, Time: 00:02:10

Health: -3/25      AC:  5    Str: 16    XL:     2   Next: 44%
Magic:  0/2        EV: 13    Int:  8    God:
Gold:   60         SH:  0    Dex: 12    Spells: 1/1 levels left

rFire    . . .     SeeInvis .   a - +0 long sword
rCold    . . .     Gourm    .   (no shield)
rNeg     . . .     Faith    .   (armour unavailable)
rPois    .         Spirit   +   b - +0 hat
rElec    .         Reflect  .   (no cloak)
rCorr    .         Harm     .   (no gloves)
MR       .....                  e - +0 pair of boots
Stlth    +.........             l - amulet of guardian spirit
HPRegen  0.08/turn              (no ring)
MPRegen  0.08/turn              (no ring)

@: brilliant
A: unfitting armour, cold-blooded, AC +4
a: no special abilities


You were on level 2 of the Dungeon.
You were not hungry.

You visited 1 branch of the dungeon, and saw 2 of its levels.

You collected 60 gold pieces.

Inventory:

Hand Weapons
 a - a +0 long sword (weapon)
Missiles
 c - 3 throwing nets (quivered)
Armour
 b - a +0 hat (worn)
 e - a +0 pair of boots (worn)
Jewellery
 l - an amulet of guardian spirit (around neck)
Scrolls
 h - 2 scrolls of identify
 i - 2 scrolls of teleportation {unknown}
 j - a scroll of blinking {unknown}
 k - 2 scrolls of remove curse {unknown}
Potions
 m - a potion of mutation {unknown}
 n - a potion of flight {unknown}
Comestibles
 d - 5 rations
 f - 2 chunks of flesh


   Skills:
 + Level 2.5 Fighting
 + Level 3.2 Long Blades
 + Level 2.1 Throwing
 + Level 2.9 Dodging


You had one spell level left.
You didn't know any spells.
Your spell library was empty.

Dungeon Overview and Level Annotations

Branches:
Dungeon (2/15)

Altars:
Cheibriados
Fedhas


Innate Abilities, Weirdness & Mutations

Your plain brown scales are hard. (AC +4)
You cannot fit into any form of body armour.
You are cold-blooded and may be slowed by cold attacks.


Message History

The worm bites you.
You hit the worm.
The worm is severely wounded.
The worm barely misses you.
You riposte.
You hit the worm.
The worm is lightly wounded.
The worm bites you.
You hit the worm.
You tail-slap the worm, but do no damage.
The worm is severely wounded.
The worm closely misses you.
You riposte.
You hit the worm.
The worm is moderately wounded.
The worm bites you.
You hit the worm.
The worm is severely wounded.
The worm bites you!
* * * LOW HITPOINT WARNING * * *
It was a potion of brilliance.
You feel clever all of a sudden. The worm bites you!
You die...

#..# #### #..#
....###..##########
#...##..##..PPP..####
#(_.##..##.PPP.P....#
##..........PP_PP.....
#...^.....##.P.PP.....
#.......#....PPP..<...
###.......#.##..@.......
..........#.###rww>.....
##........#.# #.........
..........#.# ..........
###.......#.#...........
#.......#.#.#.........
#.......# ..#.........
######..#..##........>
...#


You could see 2 worms and a rat.

Vanquished Creatures
  A dart slug (D:1)
  2 leopard geckos (D:1)
  2 bats (D:1)
  A giant cockroach (D:1)
  A hobgoblin (D:1)
  2 kobolds (D:1)
  A frilled lizard (D:1)
  A goblin (D:1)
  2 rats (D:2)
13 creatures vanquished.

Notes
Turn   | Place    | Note
-------+----------+-------------------------------------------
     0 | D:1      | Santreim the Draconian Gladiator began the quest for the
                  | Orb.
     0 | D:1      | Reached XP level 1. HP: 17/17 MP: 1/1
   224 | D:1      | Reached XP level 2. HP: 25/25 MP: 2/2
   367 | D:1      | You fall into a shaft and drop 1 floor!
   376 | D:2      | Found a snail-covered altar of Cheibriados.
   405 | D:2      | Found a blossoming altar of Fedhas.
   421 | D:2      | Slain by a worm

Illustrated notes

Levels and vault maps discovered:
D:1:      nzn_arrival_settlement, layout_rooms
D:2:      layout_rooms, overflow_temple_1_default, fedhas_altar_3,
          cheibriados_altar_1

Skill      XL: |  1 |
---------------+----+-----
Throwing       | 2 |  2.1
Fighting       | |  2.5
Long Blades    | |  3.2
Dodging        | |  2.9

Action                   || total
-------------------------++-------
Melee: Long sword        ||    30
       Tailslap          ||     6
  Use: Scroll            ||     3
       Potion            ||     1
Armor: Skin              ||     3
Dodge: Dodged            ||    25
       Rpst.: Long sword ||    14

Table legend:
 A = Non-vault XP
 B = Vault XP
 C = Vault XP percentage of total XP
 D = Non-vault monster count
 E = Vault monster count
 F = Vault count percentage of total count
                 A         B        C        D         E       F
            +---------+---------+-------+---------+---------+-------
      Total |      25 |       0 |   0.0 |      13 |       0 |   0.0
            +---------+---------+-------+---------+---------+-------
        D:1 |      23 |       0 |   0.0 |      11 |       0 |   0.0
        D:2 |       2 |       0 |   0.0 |       2 |       0 |   0.0
            +---------+---------+-------+---------+---------+-------
